 Dungeon Crawl Stone Soup version 0.29-a0-96-g93358da72b (webtiles) character file.

Game seed: 10201067538958980266

803 drugrobin the Poker (level 7, -8/60 HPs)
             Began as a Demigod Warper on Feb 11, 2022.
             Mangled by a water moccasin (10 damage)
             ... on level 5 of the Dungeon.
             The game lasted 00:16:30 (7661 turns).

drugrobin the Poker (Demigod Warper)                Turns: 7661, Time: 00:16:31

Health: -8/60      AC:  1    Str: 14    XL:     7   Next: 33%
Magic:  12/14      EV: 12    Int: 15    God:
Gold:   144        SH:  0    Dex: 17    Spells: 4/12 levels left

rFire   . . .      SeeInvis .   a - +0 trident
rCold   . . .      Faith    .   (no shield)
rNeg    . . .      Spirit   .   (no armour)
rPois   .          Reflect  .   l - +0 helmet
rElec   .          Harm     .   (no cloak)
rCorr   +          Rampage  .   (no gloves)
Will    .....                   (no boots)
Stlth   ++........              (no amulet)
HPRegen 0.20/turn               p - ring of resist corrosion
MPRegen 0.14/turn               (no ring)

@: lethally poisoned (-8 -> -26), unable to read
A: high MP 1, forlorn, divine attributes, deterioration 1, weak 1, inability to
read while threatened
a: no special abilities


You were on level 5 of the Dungeon.
You visited 1 branch of the dungeon, and saw 5 of its levels.

You collected 226 gold pieces.
You spent 82 gold pieces at shops.

Inventory:

Hand Weapons
 a - a +0 trident (weapon)
 b - a +0 hunting sling
 k - a +2 dagger of speed
 m - a +0 spear
 o - a +3 vampiric dagger
 q - a +2 dagger of protection
 A - a +0 halberd
Missiles
 d - 5 boomerangs of dispersal
 e - 8 poisoned darts
 g - 19 sling bullets
 h - 34 bolts
 j - 178 stones (quivered)
Armour
 l - a +0 helmet (worn)
 x - a +1 chain mail of fire resistance
Jewellery
 p - a ring of resist corrosion (left hand)
Wands
 C - a wand of flame (19)
Scrolls
 c - 2 scrolls of blinking
 f - 2 scrolls of teleportation
 i - 3 scrolls of identify
 n - a scroll of immolation {unknown}
 r - a scroll of vulnerability
 s - a scroll of brand weapon {unknown}
 t - a scroll of fear {unknown}
 u - a scroll of torment {unknown}
 v - a scroll of enchant weapon {unknown}
 w - a scroll of noise {unknown}
 y - a scroll of fog {unknown}
 z - a scroll of amnesia {unknown}


   Skills:
 + Level 4.7 Fighting
 + Level 5.9 Polearms
 - Level 0.8 Throwing
 - Level 0.8 Armour
 - Level 1.7 Dodging
 - Level 3.1 Spellcasting
 - Level 2.6 Translocations


You had 4 spell levels left.
You knew the following spells:

 Your Spells              Type           Power      Damage    Failure   Level
a - Blink                 Tloc           20%        N/A       10%         2
b - Animate Skeleton      Necr           4%         N/A       21%         1
c - Summon Small Mammal   Summ           8%         N/A       21%         1
d - Teleport Other        Tloc           10%        N/A       21%         3
q - Apportation           Tloc           20%        N/A       7%          1

Your spell library contained the following spells:

 Spells                   Type           Power      Damage    Failure   Level
 Beastly Appendage        Tmut           4%         N/A       21%         1
 Pain                     Necr           8%         1d4       21%         1
 Gell's Gravitas          Tloc           10%        N/A       21%         3
 Lesser Beckoning         Tloc           10%        N/A       21%         3
 Static Discharge         Conj/Air       2%         N/A       30%         2
 Sublimation of Blood     Necr           2%         N/A       30%         2
 Wereblood                Tmut           2%         N/A       30%         2
 Spider Form              Tmut/Pois      2%         N/A       52%         3
 Vampiric Draining        Necr           2%         2d6       52%         3
 Dispel Undead            Necr           2%         3d7       89%         4
 Sticky Flame             Conj/Fire      2%         2d3       89%         4
 Manifold Assault         Tloc           10%        N/A       88%         5
 Summon Hydra             Summ           1%         N/A       100%        7


Dungeon Overview and Level Annotations

Branches:
Dungeon (5/15)             Temple (0/1) D:4

Shops:
D:3 !(?*

Annotations:
D:5 2 runed translucent doors, crazypyro's ghost, novice DsFi


Innate Abilities, Weirdness & Mutations

You have an increased reservoir of magic. (+10% MP)
You shall have no god before yourself.
Your divine heritage dramatically boosts your attributes as you level up.
Your body sometimes deteriorates upon taking damage.
You are weak. (Str -2)
You sometimes lose the ability to read scrolls when taking damage.


Message History

The water moccasin bites you.
Your rat barely misses the water moccasin.
Unknown command.
You closely miss the water moccasin.
The water moccasin is lightly wounded.
You feel sick. The water moccasin bites you!
Your rat closely misses the water moccasin.
Your rat bites the water moccasin.
Your magical contamination has completely faded away.
Unknown command.
You feel sick.
Your rat misses the water moccasin. x2
Unknown command.
You hit the water moccasin.
The water moccasin is moderately wounded.
You feel sick. The water moccasin bites you.
* * * LOW HITPOINT WARNING * * *
You are more poisoned.
The water moccasin poisons you! The water moccasin misses you.
Your rat misses the water moccasin.
Your rat bites the water moccasin but does no damage.
Unknown command.
You puncture the water moccasin!
The water moccasin is heavily wounded.
* * * LOW HITPOINT WARNING * * *
You feel very sick. The water moccasin bites you.
* * * LOW HITPOINT WARNING * * *
You are more poisoned.
The water moccasin poisons you!
Your rat bites the water moccasin.
Your rat barely misses the water moccasin.
Unknown command.
It was a potion of mutation.
You feel extremely strange.
You feel yourself wasting away.
You feel weaker.
You lose the ability to read scrolls when threatened.
* * * LOW HITPOINT WARNING * * *
You feel very sick. The water moccasin barely misses you.
Your rat misses the water moccasin. The water moccasin bites you!
You feel threatened and lose the ability to read scrolls!
You die...

#.#..........##..>..
#.####.............. #.##
###............ #..#
#....##......
###.#####....##...... ###+#
#............##......
.....#......#.....##......
♣$.#.r..........#.......
♣.'..S@..##....#.......
♣..#.r....##....#....... ....
#......###.##........
###+###.#....###.#########.
#.###...........#....##..####
#....................#≈≈#≈# #
#####............##..#.8..###
#............#...+≈.≈!.#.
##...........#...+.#..##.


You could see a water moccasin (ally target) and 2 friendly rats.

Vanquished Creatures
  An ice beast (D:3)
  3 scorpions
  A water moccasin skeleton (D:5)
  3 orc priests (D:4)
  A centaur skeleton (D:4)
  Jessica (D:2)
  2 iguanas (D:5)
  2 orc wizards
  A hound zombie (D:5)
  A hound skeleton (D:5)
  3 gnolls (D:5)
  4 adders
  A worm (D:2)
  4 dart slugs
  9 orcs
  7 endoplasms
  5 giant cockroaches
  5 goblins
  6 hobgoblins
  9 jackals
  A quokka (D:2)
  9 ball pythons
  3 bats
  5 frilled lizards
  18 kobolds
  10 rats
115 creatures vanquished.

Vanquished Creatures (collateral kills)
  An orc wizard (D:3)
  An orc (D:3)
  A bat (D:1)
3 creatures vanquished.

Vanquished Creatures (others)
  10 plants (D:5)
10 creatures vanquished.

Grand Total: 128 creatures vanquished

Notes
Turn   | Place    | Note
-------+----------+-------------------------------------------
     0 | D:1      | drugrobin the Demigod Warper began the quest for the Orb.
     0 | D:1      | Reached XP level 1. HP: 17/17 MP: 5/5
    36 | D:1      | Reached skill level 2 in Polearms
   147 | D:1      | Reached XP level 2. HP: 24/24 MP: 7/7
   246 | D:1      | Learned a level 2 spell: Blink
   248 | D:1      | Learned a level 1 spell: Animate Skeleton
   701 | D:1      | Reached skill level 3 in Polearms
  1188 | D:1      | Reached XP level 3. HP: 26/26 MP: 8/8
  1567 | D:2      | Noticed Jessica
  1586 | D:2      | Killed Jessica
  2320 | D:2      | Reached XP level 4. HP: 36/36 MP: 9/9
  2371 | D:2      | Reached skill level 4 in Polearms
  3269 | D:3      | Found Laek's Magic Scroll Shop.
  3283 | D:3      | Bought a scroll of identify for 28 gold pieces
  3283 | D:3      | Bought a scroll of teleportation for 42 gold pieces
  3322 | D:3      | Found Othioddiw's Distillery.
  3330 | D:3      | Bought a potion of degeneration for 12 gold pieces
  3372 | D:3      | Found Wauprisu's Antique Weapon Shoppe.
  3402 | D:3      | Found Ugougisa's General Store.
  3486 | D:3      | Reached XP level 5. HP: 38/42 MP: 11/11
  3558 | D:3      | Noticed an ice beast
  4015 | D:3      | Killed an ice beast
  4193 | D:3      | Identified the +7 whip of Asom {antimagic, Fly rF- Str+3
                  | Dex+4 Stlth+}
  4274 | D:3      | Learned a level 1 spell: Summon Small Mammal
  4349 | D:3      | Learned a level 3 spell: Teleport Other
  4351 | D:3      | Learned a level 1 spell: Apportation
  4447 | D:4      | Reached XP level 6. HP: 20/51 MP: 13/13
  5177 | D:4      | Found a staircase to the Ecumenical Temple.
  5250 | D:4      | Reached skill level 5 in Polearms
  5545 | D:4      | HP: 2/51 [poisoned by a scorpion]
  5553 | D:4      | HP: 2/52 [poisoned by a scorpion]
  5970 | D:5      | Entered Level 5 of the Dungeon
  6146 | D:5      | Reached XP level 7. HP: 51/59 MP: 14/14
  6218 | D:5      | Found a large runed translucent door.
  6218 | D:5      | Found a large runed translucent door.
  6219 | D:5      | Noticed crazypyro's ghost (novice DsFi)
  6575 | D:5      | HP: 3/60 [poisoned by a scorpion]
  7661 | D:5      | Gained mutation: Your body sometimes deteriorates upon
                  | taking damage. [potion of mutation]
  7661 | D:5      | Gained mutation: You are weak. (Str -2) [potion of
                  | mutation]
  7661 | D:5      | Gained mutation: You sometimes lose the ability to read
                  | scrolls when taking damage. [potion of mutation]
  7661 | D:5      | HP: 2/60 [poisoned by a water moccasin]
  7661 | D:5      | Mangled by a water moccasin

Illustrated notes

Levels and vault maps discovered:
D:1:      eino_arrival_druids_welcome, layout_loops_ring,
          hellmonk_ecumenical_altar_defaced_shrine,
          hangedman_decor_clover_reticule, minmay_misc_feat_rugged,
          minmay_pentomino_x2
D:2:      layout_basic, uniq_jessica
D:3:      layout_basic, serial_shops, nicolae_shop_hallway_stairs, shop,
          nicolae_shop_hallway_stairs, nicolae_shop_competitors_out_of_business
D:4:      layout_basic, chequers_temple_overflow_statue_of_worship,
          minmay_temple_entry_statues_pillars, abandoned_shop
D:5:      wad_lake_hut, layout_rooms, ebering_ghost_disaster_area,
          kennysheep_generic_room_13

Skill      XL: |  1  2  3  4  5  6 |
---------------+-------------------+-----
Polearms       | 2 3 4 5 |  5.9
Spellcasting   | 2 3 |  3.1
Fighting       | 2 3 4 |  4.7
Throwing       | |  0.8
Armour         | |  0.8
Dodging        | |  1.7
Translocations | |  2.6

Action                   |  1- 3 |  4- 6 |  7- 9 || total
-------------------------+-------+-------+-------++-------
Melee: Spear             |   113 |       |       ||   113
       Dagger            |    53 |   231 |    52 ||   336
       Trident           |       |       |    26 ||    26
 Fire: Hunting sling     |       |    52 |       ||    52
Throw: Dart              |     3 |    13 |    15 ||    31
 Cast: Animate Skeleton  |     4 |     7 |     1 ||    12
       Blink             |     5 |     5 |       ||    10
       Summon Small Mamm |       |     2 |     3 ||     5
  Use: Potion            |       |     5 |     1 ||     6
       Scroll            |       |     1 |       ||     1
 Stab: Sleeping          |     2 |       |       ||     2
       Distracted        |       |     1 |     1 ||     2
Armor: Leather armour    |    38 |    26 |       ||    64
       Chain mail        |       |    35 |    44 ||    79
Dodge: Dodged            |    65 |   106 |    38 ||   209

Table legend: (Time is in decaauts)
 A = Elapsed time spent in this place.
 B = Non-inter-level travel time spent in this place.
 C = Inter-level travel time spent in this place.
 D = Time resting spent in this place.
 E = Time spent auto-exploring this place.
 F = Levels seen in this place.
 G = Mean time per level.
                   A        B        C        D        E       F      G
               +--------+--------+--------+--------+--------+-----+--------+
         Total |   7659 |   7473 |    186 |   2358 |   3552 |   5 | 1531.8 |
       Dungeon |   7659 |   7473 |    186 |   2358 |   3552 |   5 | 1531.8 |
               +--------+--------+--------+--------+--------+-----+--------+

Top non-repeatable levels by time:
     D:2: 1743 daAuts
     D:5: 1695 daAuts
     D:3: 1436 daAuts
     D:4: 1402 daAuts
     D:1: 1382 daAuts
